cohdb
Replays
Latest Replays
All Replays
Popular Replays
Top Player Replays
Match Explorer
How It Works
Community
CoH3 Stats
Reddit
Sign in to upload your games and track your stats! →
Sign in with Steam
Match 41063324
Unlisted
Match 41063324
Overview
Messages
Build Orders
End
Kettenkrad Recon Vehicle
Construct Infanterie Kompanie
MG 42 Machine Gun Team
Grenadier Squad
GrW 34 Mortar Team
MG 42 Machine Gun Team
Grenadier Squad
Medical Bunker
Construct Luftwaffe Kompanie
Jäger Squad
Construct Panzer Kompanie
Panzer IV Medium Tank
Selects Terror Battlegroup
Selects Contempt for the Weak
Selects Propaganda Leaflet Drop
Pioneer Squad
Propaganda Leaflet Drop
Panzer IV Medium Tank
Selects V1 Rocket Strike
Pioneer Squad
Grenadier Squad
Kettenkrad Recon Vehicle
Grenadier Squad
Selects Machine Gun Camouflage
Selects Defend the Fatherland
Sniper
V1 Rocket Strike
Panzer IV Medium Tank
Sniper
Sniper
Sniper
Panzer IV Medium Tank
V1 Rocket Strike
Selects King Tiger Heavy Tank
King Tiger Heavy Tank
Pioneer Squad
Kettenkrad Recon Vehicle
Pioneer Squad
Pioneer Squad
MG 42 Machine Gun Team
Sniper
Stoßtruppen Squad
V1 Rocket Strike
Stoßtruppen Squad
Kettenkrad Recon Vehicle
AI Takeover
Made In England
Maksus66
Brucaccio
ilya_anatoli4
yapster
HIMYNAMEISHO
waynoss88
Squigergy
0
0
Comments
sign in to comment!
No comments posted yet!